 Dungeon Crawl Stone Soup version 0.29.0-13-gc9e81de378 (webtiles) character file.

Game seed: 15089345794290876986

45 Tiocfaidh the Caller (level 3, -3/31 HPs)
             Began as a Troll Summoner on Sept 9, 2022.
             Slain by an adder (4 damage)
             ... on level 2 of the Dungeon.
             The game lasted 00:06:00 (1285 turns).

Tiocfaidh the Caller (Troll Summoner)               Turns: 1285, Time: 00:06:00

Health: -3/31      AC:  4    Str: 18    XL:     3   Next: 42%
Magic:  3/4        EV: 10    Int: 11    God:
Gold:   40         SH:  0    Dex: 10    Spells: 3/4 levels left

rFire   . . .      SeeInvis .     - Unarmed
rCold   . . .      Faith    .   (no shield)
rNeg    . . .      Spirit   .   a - +0 robe
rPois   .          Reflect  .   (helmet restricted)
rElec   .          Harm     .   (no cloak)
rCorr   .          Rampage  .   (gloves unavailable)
Will    .....                   (boots unavailable)
Stlth   +.........              (no amulet)
HPRegen 0.90/turn               (no ring)
MPRegen 0.09/turn               (no ring)

@: lethally poisoned (-3 -> -4)
A: large, unfitting armour, claws 3, regeneration 1, shaggy fur 1, tough skin 1
a: no special abilities


You were on level 2 of the Dungeon.
You visited 1 branch of the dungeon, and saw 2 of its levels.

You collected 40 gold pieces.

Inventory:

Armour
 a - a +0 robe (worn)
Wands
 n - a wand of digging (8)
Scrolls
 c - a scroll of butterflies {unknown}
 d - 2 scrolls of enchant weapon {unknown}
 e - 3 scrolls of summoning {unknown}
 h - a scroll of poison {unknown}
 k - a scroll of amnesia {unknown}
 m - 2 scrolls of identify {unknown}
Potions
 b - a potion of magic
 f - 2 potions of heal wounds {unknown}
 g - a potion of lignification {unknown}
 i - a potion of degeneration {unknown}
 j - 2 potions of curing {unknown}
 l - 2 potions of cancellation {unknown}


   Skills:
 + Level 1.9 Dodging
 + Level 1.2 Stealth
 + Level 1.2 Unarmed Combat
 + Level 1.3 Spellcasting
 + Level 3.3 Summonings


You had 3 spell levels left.
You knew the following spells:

 Your Spells              Type           Power      Damage    Failure   Level
a - Summon Small Mammal   Summ           32%        N/A       8%          1

Your spell library contained the following spells:

 Spells                   Type           Power      Damage    Failure   Level
 Call Imp                 Summ           8%         N/A       12%         2
 Call Canine Familiar     Summ           8%         N/A       24%         3
 Summon Guardian Golem    Hex/Summ       4%         N/A       43%         3
 Summon Lightning Spire   Summ/Air       4%         N/A       83%         4


Dungeon Overview and Level Annotations

Branches:
Dungeon (2/15)

Altars:
Uskayaw

Annotations:
D:2 Sigmund


Innate Abilities, Weirdness & Mutations

You are too large for most types of armour.
You have claws for hands.
Your natural rate of healing is unusually fast.
You are covered in fur. (AC +1)
You have tough skin. (AC +1)


Message History

The adder bites you.
You closely miss the adder. The adder completely misses you.
You miss the adder. Sigmund misses you. The adder bites you but does no damage.
You barely miss the adder. The adder bites you.
You are poisoned.
The adder poisons you!
Sigmund hits you from afar with a +0 scythe!
You miss the adder.
You feel sick. The adder closely misses you. x2
You closely miss the adder.
You feel sick.
Sigmund mumbles some strange words.
Sigmund flickers and vanishes!
Deactivating autopickup; reactivate with Ctrl-A.
The adder bites you.
You closely miss the adder.
You feel sick. Something hits you. The adder barely misses you.
You scratch the adder but do no damage. Your claw misses the adder.
You feel sick. The adder completely misses you. Something hits you.
You claw the adder!
The adder is severely wounded.
You feel sick. The adder bites you but does no damage.
You miss the adder.
The adder is severely wounded.
You feel sick. The adder barely misses you. Something hits you!
* * * LOW HITPOINT WARNING * * *
The adder barely misses you.
You closely miss the adder.
The adder is severely wounded.
You feel sick.
You are no longer poisoned.
The adder bites you.
* * * LOW HITPOINT WARNING * * *
You are poisoned.
The adder poisons you! Something hits you but does no damage.
Casting: Summon Small Mammal (safe; 8% risk of failure)
Confirm with . or Enter, or press ? or * to list all spells.
You feel sick. The adder barely misses you.
You feel sick. The adder bites you.
* * * LOW HITPOINT WARNING * * *
The adder attacks as you move away! The adder bites you.
You die...

#############
#.........)r#
#.#########@#
######.######
#S#
............#
#.#
#####..####.#
#.# #..# .#
#r#
#..####.####K.
#
#..#..........
#
#............#
#
#.............


You could see an adder (ally target), a quokka, a kobold and a friendly rat
(summoned).

Vanquished Creatures
  2 worms (D:2)
  A dart slug (D:1)
  3 ball pythons
  4 endoplasms
  4 giant cockroaches
  2 goblins
  4 hobgoblins (D:1)
  3 kobolds (D:1)
  4 quokkas (D:1)
  3 bats (D:1)
  A rat (D:1)
31 creatures vanquished.

Notes
Turn   | Place    | Note
-------+----------+-------------------------------------------
     0 | D:1      | Tiocfaidh the Troll Summoner began the quest for the Orb.
     0 | D:1      | Reached XP level 1. HP: 16/16 MP: 1/1
    44 | D:1      | Reached skill level 3 in Summonings
   342 | D:1      | Reached XP level 2. HP: 24/24 MP: 2/2
   842 | D:1      | Reached XP level 3. HP: 29/31 MP: 4/4
  1034 | D:2      | Found a hide-covered altar of Uskayaw.
  1038 | D:2      | Reached skill level 1 in Unarmed Combat
  1250 | D:2      | Noticed Sigmund
  1284 | D:2      | HP: 1/31 [adder (4)]
  1285 | D:2      | Slain by an adder

Illustrated notes

Levels and vault maps discovered:
D:1:      scummos_arrival_gate, layout_basic
D:2:      layout_loops_ring, shapermc_ecumenical_altar_pompeii, basic_altar,
          minivault_24, minmay_worlds_worst_comb, uniq_jessica, uniq_sigmund

Skill      XL: |  1  2  3 |
---------------+----------+-----
Summonings     | 3 |  3.3
Unarmed Combat | 1 |  1.2
Dodging        | |  1.9
Stealth        | |  1.2
Spellcasting   | |  1.3

Action                   || total
-------------------------++-------
Melee: Unarmed           ||   100
       Punch             ||     1
 Cast: Summon Small Mamm ||     1
 Stab: Sleeping          ||     4
Armor: Robe              ||    32
Dodge: Dodged            ||    48
